 Dungeon Crawl Stone Soup version 0.21.1-1-g345015f (webtiles) character file.

1471 Flooderbenga the Grave Robber (level 8, -19/58 HPs)
             Began as a Gnoll Necromancer on Apr 10, 2018.
             Was a Believer of Cheibriados.
             Demolished by a two-headed ogre
             ... wielding a +0 giant spiked club
              (22 damage)
             ... on level 9 of the Dungeon.
             The game lasted 01:02:49 (1976 turns).

Flooderbenga the Grave Robber (Gnoll Necromancer)   Turns: 1976, Time: 01:02:49

Health: -19/58     AC:  6    Str: 15 (18) XL:     8   Next: 78%
Magic:  1/17       EV: 16    Int: 22 (24) God:    Cheibriados [**....]
Gold:   255        SH:  0    Dex: 19 (20) Spells: 5/19 levels left

rFire    . . .     SeeInvis .   e - +1 whip "Nan Liho" {distort, MR+ Str+4}
rCold    . . .     Gourm    .   (no shield)
rNeg     . . .     Faith    .   p - +0 troll leather armour {Purgy}
rPois    .         Spirit   .   x - +1 helmet
rElec    .         Reflect  .   (no cloak)
rCorr    .         Harm     .   (no gloves)
MR       ++...                  (no boots)
Stlth    +++.......             (no amulet)
HPRegen  0.59/turn              l - ring of protection from magic
MPRegen  0.15/turn              (no ring)

@: very slightly contaminated, very slow
A: distributed training, fangs 1, strong nose
a: Bend Time, Renounce Religion


You were on level 9 of the Dungeon.
You worshipped Cheibriados.
Cheibriados was pleased with you.
You were hungry.

You visited 2 branches of the dungeon, and saw 10 of its levels.

You collected 255 gold pieces.

Inventory:

Hand Weapons
 e - the +1 whip "Nan Liho" (weapon) {distort, MR+ Str+4}
   (You found it on level 7 of the Dungeon)

   It warps and distorts space around it.
   Unwielding it can cause banishment or high damage.
   It affects your strength (+4).
   It affects your resistance to hostile enchantments.
 g - a +3 short sword
 s - a +1 dagger
 u - a +1 flail of protection
 w - a +0 short sword of holy wrath
 y - a +0 antimagic dagger
Missiles
 h - 3 stones (quivered)
Armour
 a - a +0 robe
 f - a +1 chain mail of positive energy
 o - a +0 shield
 p - a +0 troll leather armour (worn) {Purgy}
 x - a +1 helmet (worn)
 z - a +1 robe of positive energy
Magical Staves
 m - an uncursed staff of air {unknown}
Jewellery
 l - a ring of protection from magic (left hand)
Wands
 i - a wand of digging (24) {@v4}
 A - a wand of random effects (35)
Scrolls
 d - 3 scrolls of amnesia
 j - 2 scrolls of enchant weapon
 k - 5 scrolls of remove curse {@r2}
 n - a scroll of teleportation {@r3}
 q - a scroll of noise
 r - a scroll of identify {@r1}
 C - 2 scrolls of blinking {unknown}
Potions
 t - a potion of heal wounds {@q2}
 v - a potion of brilliance
Books
 b - a book of Necromancy

   Spells                             Type                      Level
   a - Pain                           Necromancy                   1
   b - Animate Skeleton               Necromancy                   1
   c - Vampiric Draining              Necromancy                   3
   d - Regeneration                   Charms/Necromancy            3
   e - Animate Dead                   Necromancy                   4
   f - Borgnjor's Vile Clutch         Necromancy/Earth             5
Comestibles
 c - 6 rations


   Skills:
 + Level 3.5 Fighting
 + Level 3.5 Short Blades
 + Level 3.5 Long Blades
 + Level 3.5 Axes
 + Level 3.5 Maces & Flails
 + Level 3.5 Polearms
 + Level 3.5 Staves
 + Level 3.5 Slings
 + Level 3.5 Bows
 + Level 3.5 Crossbows
 + Level 3.5 Throwing
 + Level 3.5 Armour
 + Level 5.8 Dodging
 + Level 5.5 Stealth
 + Level 3.5 Shields
 + Level 3.5 Unarmed Combat
 + Level 6.1 Spellcasting
 + Level 2.8 Conjurations
 + Level 2.8 Hexes
 + Level 2.8 Charms
 + Level 2.8 Summonings
 + Level 7.7 Necromancy
 + Level 2.8 Translocations
 + Level 2.8 Transmutations
 + Level 2.8 Fire Magic
 + Level 2.8 Ice Magic
 + Level 2.8 Air Magic
 + Level 2.8 Earth Magic
 + Level 2.8 Poison Magic
 + Level 3.8 Invocations
 + Level 3.5 Evocations


You had 5 spell levels left.
You knew the following spells:

 Your Spells              Type           Power        Failure   Level  Hunger
a - Pain                  Necr           ####         1%          1    None
b - Animate Dead          Necr           N/A          4%          4    ###....
c - Borgnjor's Vile Clut  Necr/Erth      ####......   34%         5    #####..
r - Regeneration          Chrm/Necr      ####......   3%          3    #......
z - Animate Skeleton      Necr           N/A          1%          1    None


Dungeon Overview and Level Annotations

Branches:
Dungeon (9/15)             Temple (1/1) D:5
   Lair: D:8-11         Orc: D:9-12

Altars:
Cheibriados
Gozag
Okawaru
Qazlal
Sif Muna
Xom
The Shining One

Annotations:
D:3 Flooderbenga's ghost, weakling GnNe
D:4 Eustachio; Serooblart's ghost, amateur DEFE
D:6 AdmiralAndromeda's ghost, novice OpTm; Grinder


Innate Abilities, Weirdness & Mutations

Your experience applies equally to all skills.
You have very sharp teeth.
Your uncanny sense of smell can sniff out nearby items.


Message History

Your adder skeleton bites the bullfrog zombie.
The bullfrog zombie is destroyed!
Cheibriados appreciates the change of pace.
There is a stone staircase leading down here.
Something hits you!! Something hits you.
You climb downwards.
Your mindless thrall stays behind.
Found 17 gold pieces and a scroll of noise.
There is a stone staircase leading up here.
You take 28 damage, and have 30/58 hp.
MASSIVE DAMAGE!!
Unknown command.
Unknown command.
Unknown command.
Unknown command.
It was a potion of degeneration.
There was something very wrong with that liquid.
You feel weakened.
You feel dopey.
You feel clumsy. Something hits you!!
* * * LOW HITPOINT WARNING * * *
Something hits you!!
You die...

........#
........#
........#
........###
..........
.........
.......{#
.......@#
........#
....$...#
........#
.?......#
........#
........#
........#


There were no monsters in sight!

Vanquished Creatures
  A hippogriff (D:7)
  Duvessa (D:7)
  Purgy (D:4)
  2 ogres (D:4)
  A centaur (D:6)
  A bullfrog (D:6)
  A scorpion (D:8)
  Dowan (D:7)
  2 howler monkeys
  A crimson imp (D:5)
  3 orc priests
  2 hounds
  2 jellies
  An orc wizard (D:6)
  A centaur skeleton (D:4)
  3 worker ants
  A hound skeleton (D:4)
  A worker ant zombie (D:8)
  4 adders
  A shadow imp (D:7)
  An adder skeleton (D:6)
  2 worms (D:5)
  5 leopard geckos
  9 orcs
  2 giant cockroaches
  6 goblins
  4 hobgoblins
  3 jackals (D:4)
  2 quokkas
  2 ball pythons
  7 bats
  3 frilled lizards
  A jackal skeleton (D:6)
  A jackal zombie (D:5)
  3 kobolds
  4 rats
86 creatures vanquished.

Vanquished Creatures (collateral kills)
  A bullfrog (D:6)
  A bullfrog zombie (D:8)
  2 orc wizards
  An adder (D:4)
  An ooze (D:4)
  An adder skeleton (D:4)
  An orc (D:4)
  2 frilled lizards
10 creatures vanquished.

Grand Total: 96 creatures vanquished

Notes
Turn   | Place    | Note
-------+----------+-------------------------------------------
     0 | D:1      | Flooderbenga the Gnoll Necromancer began the quest for the Orb.
     0 | D:1      | Reached XP level 1. HP: 13/13 MP: 6/6
   142 | D:2      | Learned a level 1 spell: Animate Skeleton
   160 | D:2      | Reached XP level 2. HP: 9/19 MP: 1/7
   285 | D:3      | Noticed Flooderbenga's ghost (weakling GnNe)
   289 | D:3      | Noticed an orc warrior
   377 | D:2      | Found an opulent altar of Gozag.
   471 | D:3      | Found a stormy altar of Qazlal.
   526 | D:3      | Reached XP level 3. HP: 13/25 MP: 7/9
   531 | D:3      | Learned a level 3 spell: Regeneration
   541 | D:3      | Reached skill level 5 in Spellcasting
   553 | D:3      | Found a shimmering altar of Xom.
   628 | D:3      | Reached skill level 1 in Invocations
   665 | D:4      | Noticed Purgy
   665 | D:5      | Entered Level 5 of the Dungeon
   667 | D:5      | Found a glowing golden altar of the Shining One.
   675 | D:5      | Reached skill level 1 in Fighting
   675 | D:5      | Reached skill level 1 in Short Blades
   675 | D:5      | Reached skill level 1 in Long Blades
   675 | D:5      | Reached skill level 1 in Axes
   675 | D:5      | Reached skill level 1 in Maces & Flails
   675 | D:5      | Reached skill level 1 in Polearms
   675 | D:5      | Reached skill level 1 in Staves
   675 | D:5      | Reached skill level 1 in Slings
   675 | D:5      | Reached skill level 1 in Bows
   675 | D:5      | Reached skill level 1 in Crossbows
   675 | D:5      | Reached skill level 1 in Throwing
   675 | D:5      | Reached skill level 1 in Armour
   675 | D:5      | Reached skill level 1 in Shields
   675 | D:5      | Reached skill level 1 in Unarmed Combat
   675 | D:5      | Reached skill level 1 in Evocations
   675 | D:5      | Reached XP level 4. HP: 6/32 MP: 2/11
   694 | D:5      | Noticed an ogre
   771 | D:6      | Reached skill level 1 in Conjurations
   771 | D:6      | Reached skill level 1 in Hexes
   771 | D:6      | Reached skill level 1 in Charms
   771 | D:6      | Reached skill level 1 in Summonings
   771 | D:6      | Reached skill level 1 in Translocations
   771 | D:6      | Reached skill level 1 in Transmutations
   771 | D:6      | Reached skill level 1 in Fire Magic
   771 | D:6      | Reached skill level 1 in Ice Magic
   771 | D:6      | Reached skill level 1 in Air Magic
   771 | D:6      | Reached skill level 1 in Earth Magic
   771 | D:6      | Reached skill level 1 in Poison Magic
   771 | D:6      | Reached XP level 5. HP: 34/37 MP: 7/12
   797 | D:6      | Found an iron altar of Okawaru.
   799 | D:6      | Noticed a centaur
   826 | D:6      | Noticed Grinder
   835 | D:5      | Learned a level 5 spell: Borgnjor's Vile Clutch
   841 | D:5      | Learned a level 4 spell: Animate Dead
   880 | D:5      | Found a staircase to the Ecumenical Temple.
   892 | Temple   | Entered the Ecumenical Temple
   905 | Temple   | Became a worshipper of Cheibriados the Contemplative
  1010 | D:6      | Reached XP level 6. HP: 27/44 MP: 3/13
  1037 | D:6      | Reached skill level 5 in Dodging
  1217 | D:5      | Found a glowing drain.
  1219 | D:5      | Reached XP level 7. HP: 23/50 MP: 0/15
  1226 | D:5      | Reached * piety under Cheibriados
  1299 | D:4      | Noticed Serooblart's ghost (amateur DEFE)
  1317 | D:4      | Noticed Eustachio
  1396 | D:4      | Killed Purgy
  1412 | D:4      | Reached skill level 5 in Stealth
  1599 | D:6      | Reached ** piety under Cheibriados
  1638 | D:6      | Reached XP level 8. HP: 55/57 MP: 10/16
  1726 | D:6      | Noticed AdmiralAndromeda's ghost (novice OpTm)
  1741 | D:7      | Noticed a hippogriff
  1746 | D:7      | Was placed under penance by Cheibriados
  1750 | D:7      | Killed a hippogriff
  1759 | D:7      | Got a translucent whip
  1760 | D:7      | Identified the cursed +1 whip "Nan Liho" {distort, MR+ Str+4} (You found it on level 7 of the Dungeon)
  1805 | D:7      | Was forgiven by Cheibriados
  1822 | D:7      | Noticed Duvessa
  1823 | D:7      | Noticed Dowan
  1828 | D:7      | Killed Dowan
  1829 | D:7      | Killed Duvessa
  1968 | D:8      | Noticed a two-headed ogre
  1976 | D:9      | Demolished by a two-headed ogre

Skill      XL: |  1  2  3  4  5  6  7  8 |
---------------+-------------------------+-----
Spellcasting   | 5 6 |  6.1
Invocations    | 1 2 3 |  3.8
Fighting       | 1 2 3 |  3.5
Short Blades   | 1 2 3 |  3.5
Long Blades    | 1 2 3 |  3.5
Axes           | 1 2 3 |  3.5
Maces & Flails | 1 2 3 |  3.5
Polearms       | 1 2 3 |  3.5
Staves         | 1 2 3 |  3.5
Slings         | 1 2 3 |  3.5
Bows           | 1 2 3 |  3.5
Crossbows      | 1 2 3 |  3.5
Throwing       | 1 2 3 |  3.5
Armour         | 1 2 3 |  3.5
Shields        | 1 2 3 |  3.5
Unarmed Combat | 1 2 3 |  3.5
Evocations     | 1 2 3 |  3.5
Conjurations   | 1 2 |  2.8
Hexes          | 1 2 |  2.8
Charms         | 1 2 |  2.8
Summonings     | 1 2 |  2.8
Translocations | 1 2 |  2.8
Transmutations | 1 2 |  2.8
Fire Magic     | 1 2 |  2.8
Ice Magic      | 1 2 |  2.8
Air Magic      | 1 2 |  2.8
Earth Magic    | 1 2 |  2.8
Poison Magic   | 1 2 |  2.8
Dodging        | 5 |  5.8
Stealth        | 5 |  5.5
Necromancy     | |  7.7

Action                   |  1- 3 |  4- 6 |  7- 9 || total
-------------------------+-------+-------+-------++-------
Melee: Unarmed           |    10 |       |       ||    10
       Bite              |     1 |     4 |     2 ||     7
       Dagger            |       |     1 |       ||     1
       Short sword       |       |    43 |    29 ||    72
       Whip              |       |       |    15 ||    15
       Flail             |       |       |     7 ||     7
Throw: Stone             |       |     5 |     1 ||     6
 Cast: Pain              |    51 |    47 |    36 ||   134
       Animate Skeleton  |     4 |     9 |    11 ||    24
       Regeneration      |       |     2 |       ||     2
       Animate Dead      |       |     1 |       ||     1
       Borgnjor's Vile C |       |     2 |     8 ||    10
Evoke: Wand              |     2 |       |     2 ||     4
  Use: Scroll            |       |    11 |     2 ||    13
       Potion            |       |     2 |     4 ||     6
 Stab: Sleeping          |       |     2 |     1 ||     3
  Eat: Chunk             |       |     2 |     5 ||     7
Armor: Robe              |     7 |    20 |     4 ||    31
       Troll leather arm |       |       |    14 ||    14
Dodge: Dodged            |    18 |    50 |    57 ||   125
       Rpst.: Falchion   |       |     1 |       ||     1
